Map: 亚历山大港 - 天梯版

Players

Reynor - Winner!

  • Race: Zerg Zerg

Neeb

  • Race: Protoss Protoss

Event: WESG 2018 Grand Finals

VOD

Have the link to the VOD?

Description

Time

  • Played on: March 13, 2019, 7:48 a.m.
  • Length: 10:07

All games in this series

Show
View Real Time Build Order
Export as new Build Order

Reynor Zerg - Winner!

Build Orders: Hatch First 

Get SALT Encoding   

  12  0:00  Drone  
  13  0:13  Overlord  
  13  0:18  Drone  
  14  0:31  Drone x2  
  16  0:42  Drone  
  17  0:55  Hatchery  
  16  0:57  Drone  
  16  0:59  Drone  
  16  1:02  Extractor  
  17  1:17  Spawning Pool  
  16  1:20  Drone  
  16  1:24  Drone  
  18  1:29  Drone  
  20  1:40  Drone  
  20  1:49  Overlord  
  20  2:04  Zergling x2  
  20  2:05  Metabolic Boost  
  20  2:07  Zergling x2  
  20  2:08  Queen  
  24  2:15  Queen  
  26  2:18  Zergling x2  
  26  2:22  Drone  
  28  2:24  Drone  
  29  2:35  Zergling x2  
  30  2:38  Drone  
  31  2:47  Hatchery  
  31  2:48  Drone  
  31  2:54  Drone  
  31  2:58  Zergling x4  
  34  3:01  Overlord  
  34  3:05  Drone  
  35  3:13  Drone  
  35  3:18  Overlord  
  35  3:19  Queen  
  38  3:23  Drone  
  39  3:27  Zergling x6  
  39  3:33  Overlord  
  41  3:36  Drone  
  39  3:44  Drone x2  
  40  3:49  Drone x3  
  43  3:56  Drone x2  
  43  4:02  Drone  
  45  4:11  Spore Crawler, Drone x4  
  45  4:16  Spore Crawler  
  47  4:17  Drone  
  47  4:18  Spore Crawler  
  47  4:25  Lair  
  47  4:30  Zergling x4  
  49  4:32  Drone x2  
  49  4:35  Drone  
  49  4:36  Drone x2  
  54  4:39  Drone  
  54  4:41  Drone x2  
  54  4:44  Drone  
  58  4:45  Drone  
  58  4:46  Drone  
  58  4:50  Overlord  
  58  4:52  Drone  
  61  4:53  Drone  
  61  4:55  Zergling x2  
  61  4:58  Overlord  
  63  5:05  Zergling x4, Extractor  
  64  5:08  Drone  
  64  5:14  Zergling x6  
  67  5:18  Zergling x6  
  67  5:19  Zergling x4  
  67  5:22  Overlord  
  67  5:24  Drone x2  
  67  5:26  Hydralisk Den  
  67  5:27  Zergling x4  
  68  5:35  Drone x2  
  67  5:36  Drone x2  
  67  5:37  Drone  
  67  5:38  Drone  
  67  5:39  Overlord  
  67  5:40  Extractor  
  70  5:44  Queen  
  72  5:54  Hydralisk x4  
  72  5:56  Queen  
  82  5:57  Zergling x6  
  82  6:03  Hydralisk  
  83  6:08  Drone x4  
  83  6:09  Drone  
  83  6:10  Drone  
  89  6:14  Drone  
  89  6:15  Drone x2, Extractor  
  89  6:16  Overlord  
  89  6:17  Evolution Chamber  
  90  6:20  Hydralisk  
  90  6:23  Drone  
  90  6:25  Overlord  
  93  6:26  Extractor  
  93  6:28  Extractor  
  91  6:33  Overlord  
  90  6:43  Hydralisk x4  
  90  6:46  Grooved Spines  
  96  6:47  Zergling x4  
  96  6:49  Overlord  
  96  6:51  Drone x2  
  96  6:52  Drone x2  
  101  6:58  Hydralisk x3  
  101  7:01  Overlord  
  106  7:05  Overlord  
  106  7:07  Hydralisk x2  
  110  7:09  Hydralisk  
  110  7:15  Drone  
  113  7:16  Drone  
  113  7:18  Overlord, Baneling Nest  
  113  7:19  Hydralisk  
  113  7:20  Hydralisk  
  117  7:23  Zergling x4  
  117  7:24  Zergling x2  
  117  7:25  Hydralisk  
  117  7:27  Hydralisk  
  122  7:31  Overlord  
  122  7:32  Zergling x2  
  122  7:34  Zergling x4  
  125  7:43  Hydralisk x2  
  130  7:44  Zergling x2  
  130  7:49  Hydralisk x3  
  130  7:50  Zergling x4  
  137  8:00  Hydralisk x4  
  137  8:01  Zergling x4  
  137  8:03  Zergling x2  
  137  8:04  Zergling x2  
  142  8:08  Hydralisk x2  
  140  8:18  Hydralisk x3  
  140  8:19  Zergling x4  
  146  8:21  Muscular Augments  
  146  8:27  Overlord  
  146  8:32  Overlord  
  146  8:41  Baneling x2  
  146  8:43  Baneling x4  
  146  8:44  Centrifical Hooks  
  146  8:46  Zergling x10  
  146  8:47  Zergling x2  
  152  8:51  Hydralisk x2  
  152  8:52  Zergling x4  
  152  8:54  Baneling x2  
  158  9:00  Hatchery  
  158  9:02  Zergling x6  
  160  9:04  Pneumatized Carapace  
  160  9:05  Overseer  
  160  9:13  Baneling x9  
  160  9:18  Zergling x2  
  160  9:19  Zergling x2  
  160  9:20  Overlord  
  160  9:21  Overlord  
  159  9:37  Drone x2  
  160  9:39  Hydralisk x5  
  160  9:40  Spire  
  167  9:45  Zergling x2  
Show
View Real Time Build Order
Export as new Build Order

Neeb Protoss 

Build Orders: 1 Gate Expand, Zealot Archon, Archon Drop, Dark Templar Rush 

Get SALT Encoding   

  12  0:00  Probe  
  13  0:12  Probe  
  14  0:20  Pylon  
  14  0:24  Probe  
  15  0:34  Probe  
  15  0:42  Probe, Gateway  
  17  0:52  Assimilator  
  17  0:54  Probe  
  18  1:06  Probe  
  19  1:18  Probe  
  20  1:29  Cybernetics Core  
  20  1:39  Nexus  
  20  1:42  Probe  
  21  1:49  Pylon  
  21  1:54  Probe  
  21  1:57  Adept  
  21  1:58  Assimilator  
  22  2:08  Probe  
  25  2:12  Warp Gate  
  25  2:17  Adept  
  25  2:20  Probe  
  28  2:32  Probe  
  29  2:39  Twilight Council  
  29  2:44  Probe  
  29  2:50  Adept  
  32  2:51  Probe  
  32  2:56  Probe  
  34  3:04  Probe  
  35  3:07  Robotics Facility  
  35  3:08  Probe  
  36  3:16  Probe  
  37  3:20  Probe  
  35  3:28  Probe  
  35  3:32  Probe  
  37  3:34  Dark Shrine  
  37  3:37  Probe  
  38  3:41  Probe  
  38  3:46  Gateway  
  35  3:49  Probe  
  35  3:51  Gateway  
  35  3:52  Probe, Gateway  
  36  3:56  Warp Prism  
  38  4:08  Adept  
  41  4:10  Probe x2  
  41  4:14  Assimilator  
  41  4:16  Assimilator  
  43  4:22  Pylon, Probe  
  44  4:24  Probe  
  45  4:34  Probe  
  45  4:36  Probe  
  46  4:44  Probe  
  46  4:45  Pylon  
  47  4:46  Probe  
  49  4:55  Probe  
  49  4:58  Probe  
  49  4:59  Dark Templar  
  53  5:02  Observer  
  53  5:03  Dark Templar x3  
  59  5:08  Probe  
  59  5:10  Probe  
  62  5:23  Archon  
  62  5:36  Pylon  
  62  5:39  Archon  
  62  5:40  Pylon  
  62  5:42  Forge  
  62  5:44  Pylon  
  62  5:49  Charge  
  62  5:50  Nexus  
  62  5:52  Pylon  
  62  5:54  Probe x2  
  64  6:05  Protoss Ground Weapons Level 1  
  64  6:06  Probe  
  64  6:09  Probe  
  62  6:13  Sentry x3, Gateway  
  62  6:14  Sentry, Gateway  
  62  6:17  Gateway  
  70  6:19  Probe  
  70  6:20  Gateway  
  70  6:24  Probe  
  72  6:27  Pylon  
  72  6:31  Probe  
  73  6:37  Zealot x4  
  79  6:40  Probe  
  80  6:48  Warp Prism  
  80  6:49  Pylon  
  80  6:50  Pylon  
  80  6:51  Nexus  
  80  7:00  Dark Templar x3  
  88  7:03  Dark Templar  
  88  7:04  Archon  
  88  7:08  Pylon  
  90  7:10  Archon  
  90  7:15  Zealot x3  
  92  7:21  Zealot  
  98  7:30  Pylon  
  98  7:32  Pylon  
  98  7:33  Zealot  
  100  7:41  Zealot x2  
  100  7:42  Zealot x2  
  100  8:01  Zealot  
  100  8:02  Zealot  
  100  8:03  Zealot x4  
  103  8:11  Probe x2  
  101  8:19  Probe  
  94  8:23  Templar Archives  
  94  8:25  Zealot x2, Probe  
  94  8:26  Probe  
  100  8:29  Zealot x2  
  100  8:32  Probe  
  105  8:38  Probe  
  106  8:42  Probe  
  106  8:44  Probe  
  106  8:45  Psionic Storm  
  108  8:49  Assimilator  
  108  8:50  Assimilator  
  108  8:52  Probe  
  110  8:58  Pylon  
  110  9:01  High Templar x5  
  110  9:02  High Templar  
  121  9:16  High Templar  
  121  9:25  Zealot  
  100  9:49  Zealot x5  
  100  9:50  Zealot  
  100  9:51  Zealot x2  
Tags
 
Add a new tag
Caveats
  • Supply blocks, unpowered buildings, or Contaminate may cause inaccurate times.
  • Supply counts are checked every 10 seconds.